 Dungeon Crawl Stone Soup version 0.24.1-14-gf8d2b509d9 (console) character file.

Game seed: 2782477152668834225, levelgen mode: deterministic

1610 Kagalorn the Fighter (level 8, -3/71 HPs)
             Began as a Gnoll Wanderer on July 15, 2021.
             Was an Initiate of the Shining One.
             Slain by Prince Ribbit (13 damage)
             ... on level 7 of the Dungeon.
             The game lasted 00:15:56 (5771 turns).

Kagalorn the Fighter (Gnoll Wanderer)               Turns: 5771, Time: 00:15:57

Health: -3/71      AC: 13    Str: 15    XL:     8   Next: 95%
Magic:  13/13      EV:  8    Int: 14    God:    the Shining One [......]
Gold:   363        SH:  6    Dex: 20    Spells: 14/14 levels left

rFire    . . .     SeeInvis .   a - +2 hand axe
rCold    . . .     Gourm    .   G - +0 buckler
rNeg     . . .     Faith    .   A - +0 chain mail
rPois    .         Spirit   .   e - +1 helmet
rElec    .         Reflect  .   (no cloak)
rCorr    .         Harm     .   D - +0 pair of gloves
MR       .....                  (no boots)
Stlth    ..........             (no amulet)
HPRegen  0.21/turn              H - ring of wizardry
MPRegen  0.13/turn              n - +3 ring of dexterity

@: about to teleport, glowing
A: distributed training, fangs 1, strong nose
a: Renounce Religion


You were on level 7 of the Dungeon.
You worshipped the Shining One.
The Shining One was noncommittal.
You were near starving.

You visited 2 branches of the dungeon, and saw 8 of its levels.

You collected 363 gold pieces.

Inventory:

Hand Weapons
 a - a +2 hand axe (weapon)
 b - a +0 hand crossbow
 w - a +2 flail of crushing
Missiles
 c - 50 bolts
 g - 151 stones
 u - 73 arrows
 z - 3 javelins (quivered)
 I - 15 sling bullets
Armour
 e - a +1 helmet (worn)
 y - a +2 leather armour of fire resistance
 A - a +0 chain mail (worn)
 D - a +0 pair of gloves (worn)
 G - a +0 buckler (worn)
 K - the cursed +1 ring mail of the New World {MR+ rCorr Str+3}
   (You found it on level 7 of the Dungeon)

   It affects your strength (+3).
   It affects your resistance to hostile enchantments.
   It provides partial protection from all sources of acid and corrosion.
   It has a curse placed upon it.
Magical Staves
 F - an uncursed staff of air
Jewellery
 n - a +3 ring of dexterity (right hand)
 H - a ring of wizardry (left hand)
Scrolls
 i - 2 scrolls of fear {unknown}
 j - 2 scrolls of teleportation
 k - a scroll of enchant weapon {unknown}
 l - 2 scrolls of amnesia {unknown}
 o - 3 scrolls of remove curse
 q - 2 scrolls of magic mapping {unknown}
 v - 2 scrolls of enchant armour
 B - a scroll of brand weapon {unknown}
 E - a scroll of immolation {unknown}
Potions
 d - 5 potions of curing
 h - a potion of magic {unknown}
 m - a potion of agility
 s - a potion of cancellation
 t - a potion of flight
 C - a potion of lignification
Comestibles
 f - 9 rations


   Skills:
 + Level 9.3 Fighting
 + Level 3.6 Short Blades
 + Level 3.6 Long Blades
 + Level 5.9 Axes
 + Level 3.6 Maces & Flails
 + Level 3.6 Polearms
 + Level 3.6 Staves
 + Level 3.6 Slings
 + Level 3.6 Bows
 + Level 3.6 Crossbows
 + Level 4.5 Throwing
 + Level 5.9 Armour
 + Level 3.6 Dodging
 + Level 3.6 Stealth
 + Level 3.6 Shields
 + Level 3.6 Unarmed Combat
 + Level 3.6 Spellcasting
 + Level 3.0 Conjurations
 + Level 3.0 Hexes
 + Level 3.0 Charms
 + Level 3.0 Summonings
 + Level 3.0 Necromancy
 + Level 3.0 Translocations
 + Level 3.0 Transmutations
 + Level 3.0 Fire Magic
 + Level 3.0 Ice Magic
 + Level 3.0 Air Magic
 + Level 3.0 Earth Magic
 + Level 3.0 Poison Magic
 + Level 4.0 Invocations
 + Level 4.5 Evocations


You had 14 spell levels left.
You didn't know any spells.
Your spell library was empty.

Dungeon Overview and Level Annotations

Branches:
Dungeon (7/15)             Temple (1/1) D:6

Altars:
Ashenzari
Cheibriados
Dithmenos
Elyvilon
Fedhas
Gozag
Hepliaklqana
Kikubaaqudgha
Makhleb
Nemelex Xobeh
Okawaru
Qazlal
Ru
Trog
Uskayaw
Vehumet
Wu Jian
Xom
Yredelemnul
Zin
The Shining One

Shops:
D:7 [

Annotations:
D:7 Prince Ribbit


Innate Abilities, Weirdness & Mutations

Your experience applies equally to all skills.
You have very sharp teeth.
Your uncanny sense of smell can sniff out nearby items.


Message History

You kill the hound!
Prince Ribbit hits you but does no damage.
You hit Prince Ribbit.
Prince Ribbit is heavily wounded.
You block Prince Ribbit's attack.
You closely miss Prince Ribbit. Your bite misses Prince Ribbit.
Prince Ribbit is heavily wounded.
You block Prince Ribbit's attack. Prince Ribbit hits you.
* * * LOW HITPOINT WARNING * * *
Prince Ribbit hits you but does no damage.
Prince Ribbit closely misses you.
As you read the scroll labeled QUSUBB OCUY, it crumbles to dust.
It is a scroll of enchant armour.
Your +0 helmet glows green for a moment.
Prince Ribbit croaks regally.
Prince Ribbit closely misses you.
As you read the scroll labeled IWNESO PINIGG, it crumbles to dust.
You feel strangely unstable.
It was a scroll of teleportation.
Prince Ribbit hits you!
You die...

.......####### #
....>..#.....########## #.#
.8.....#............... ∆...
.......#.....########## ..
.......#............#####.#####
.∩.....#.......................
...........######......##a.....
...........# ###F##...+ ....)
#8####.....# #.@......# ∆ ....
#..........# #.#.#....# ...
#..#.......####.#.#....# ##
##.#............#......#
#..........########...#
####.......# ....# #.#........#
##### #....!..#.####
#.#.#...._...#


You could see Prince Ribbit.

Vanquished Creatures
  Grinder (D:5)
  A hippogriff (D:7)
  2 sky beasts
  An ogre (D:7)
  2 bullfrogs
  A scorpion (D:5)
  5 hounds
  A bullfrog zombie (D:5)
  2 orc priests (D:3)
  A bullfrog skeleton (D:4)
  2 jellies
  Ijyb (D:4)
  2 iguanas
  Jessica (D:3)
  Natasha (D:3)
  Terence (D:2)
  A worker ant (D:4)
  2 hound skeletons
  Robin (D:3)
  A howler monkey skeleton (D:7)
  4 gnolls (D:4)
  9 adders
  A shadow imp (D:5)
  2 adder zombies
  2 worms
  A dart slug (D:3)
  8 leopard geckos
  12 orcs
  4 bats
  5 giant cockroaches
  18 goblins
  4 hobgoblins
  2 jackals (D:4)
  9 kobolds
  6 quokkas
  8 frilled lizards
  A jackal skeleton (D:6)
  A leopard gecko skeleton (D:2)
  10 rats
137 creatures vanquished.

Notes
Turn   | Place    | Note
-------+----------+-------------------------------------------
     0 | D:1      | Kagalorn the Gnoll Wanderer began the quest for the Orb.
     0 | D:1      | Kagalorn set off with the following items: a +2 hand axe, a
                  | +0 hand crossbow, 26 bolts, a potion of curing, a +0 robe,
                  | a ration
     0 | D:1      | Reached XP level 1. HP: 26/26 MP: 2/2
   126 | D:1      | Reached XP level 2. HP: 29/33 MP: 3/3
   635 | D:2      | Noticed Terence
   653 | D:2      | Killed Terence
   653 | D:2      | Reached skill level 1 in Invocations
   653 | D:2      | Reached XP level 3. HP: 26/38 MP: 4/4
   801 | D:2      | Reached skill level 1 in Short Blades
   801 | D:2      | Reached skill level 1 in Long Blades
   801 | D:2      | Reached skill level 1 in Maces & Flails
   801 | D:2      | Reached skill level 1 in Polearms
   801 | D:2      | Reached skill level 1 in Staves
   801 | D:2      | Reached skill level 1 in Slings
   801 | D:2      | Reached skill level 1 in Bows
   801 | D:2      | Reached skill level 1 in Crossbows
   801 | D:2      | Reached skill level 1 in Dodging
   801 | D:2      | Reached skill level 1 in Stealth
   801 | D:2      | Reached skill level 1 in Shields
   801 | D:2      | Reached skill level 1 in Unarmed Combat
   801 | D:2      | Reached skill level 1 in Spellcasting
   822 | D:2      | Reached XP level 4. HP: 33/45 MP: 6/6
   922 | D:2      | Found a hazy altar of Hepliaklqana.
  1249 | D:3      | Reached skill level 1 in Conjurations
  1249 | D:3      | Reached skill level 1 in Hexes
  1249 | D:3      | Reached skill level 1 in Charms
  1249 | D:3      | Reached skill level 1 in Summonings
  1249 | D:3      | Reached skill level 1 in Necromancy
  1249 | D:3      | Reached skill level 1 in Translocations
  1249 | D:3      | Reached skill level 1 in Transmutations
  1249 | D:3      | Reached skill level 1 in Fire Magic
  1249 | D:3      | Reached skill level 1 in Ice Magic
  1249 | D:3      | Reached skill level 1 in Air Magic
  1249 | D:3      | Reached skill level 1 in Earth Magic
  1249 | D:3      | Reached skill level 1 in Poison Magic
  1409 | D:3      | Noticed Jessica
  1419 | D:3      | Killed Jessica
  1419 | D:3      | Reached XP level 5. HP: 48/51 MP: 7/7
  1587 | D:3      | Noticed Natasha
  1608 | D:3      | Killed Natasha
  1688 | D:3      | Noticed Robin
  1705 | D:3      | Killed Robin
  1705 | D:3      | Reached XP level 6. HP: 38/57 MP: 8/8
  2179 | D:4      | Reached skill level 5 in Axes
  2179 | D:4      | Reached skill level 5 in Armour
  2199 | D:4      | Noticed Ijyb
  2210 | D:4      | Killed Ijyb
  2580 | D:4      | Reached XP level 7. HP: 55/63 MP: 10/10
  2786 | D:5      | Entered Level 5 of the Dungeon
  2849 | D:5      | Found a white marble altar of Elyvilon.
  2852 | D:5      | Found a sparkling altar of Nemelex Xobeh.
  2996 | D:5      | Noticed Grinder
  3032 | D:5      | Paralysed by Grinder for 4 turns
  3049 | D:5      | Killed Grinder
  3049 | D:5      | Reached skill level 9 in Fighting
  3049 | D:5      | Reached XP level 8. HP: 14/71 MP: 10/12
  4323 | D:6      | Found a staircase to the Ecumenical Temple.
  4342 | Temple   | Entered the Ecumenical Temple
  4440 | Temple   | Became a worshipper of the Shining One
  4704 | D:6      | Found a hide-covered altar of Uskayaw.
  4873 | D:7      | Found Weproc's Antique Armour Emporium.
  4873 | D:7      | Noticed a hippogriff
  5059 | D:7      | Got a heavily runed ring mail
  5082 | D:7      | Identified the cursed +1 ring mail of the New World {MR+
                  | rCorr Str+3} (You found it on level 7 of the Dungeon)
  5204 | D:7      | Killed a hippogriff
  5413 | D:7      | Found a stormy altar of Qazlal.
  5414 | D:7      | Noticed Prince Ribbit
  5771 | D:7      | Slain by Prince Ribbit

Levels and vault maps discovered:
D:1:      roderic_crossed_star, layout_loops_ring, skrybe_limestone_x, hex_large
D:2:      layout_rooms, nicolae_overflow_hidden_temple, uniq_terence
D:3:      layout_loops_corners, uniq_natasha, uniq_robin, uniq_jessica
D:4:      layout_basic, uniq_ijyb
D:5:      layout_basic, chequers_temple_overflow_statue_of_worship,
          first_ration, uniq_grinder
D:6:      layout_basic, eat_drink_and_be_merry_uskayaw,
          minmay_temple_entry_arrows
D:7:      layout_basic, lemuel_crystal_altar, serial_shops, shop_statue,
          minmay_liquid_box, uniq_prince_ribbit1, uniq_joseph, uniq_duvessa
Temple:   lightli_temple_of_artemis

Skill      XL: |  1  2  3  4  5  6  7  8 |
---------------+-------------------------+-----
Invocations    | 1 2 3 4 |  4.0
Short Blades   | 1 2 3 |  3.6
Long Blades    | 1 2 3 |  3.6
Maces & Flails | 1 2 3 |  3.6
Polearms       | 1 2 3 |  3.6
Staves         | 1 2 3 |  3.6
Slings         | 1 2 3 |  3.6
Bows           | 1 2 3 |  3.6
Crossbows      | 1 2 3 |  3.6
Dodging        | 1 2 3 |  3.6
Stealth        | 1 2 3 |  3.6
Shields        | 1 2 3 |  3.6
Unarmed Combat | 1 2 3 |  3.6
Spellcasting   | 1 2 3 |  3.6
Conjurations   | 1 2 3 |  3.0
Hexes          | 1 2 3 |  3.0
Charms         | 1 2 3 |  3.0
Summonings     | 1 2 3 |  3.0
Necromancy     | 1 2 3 |  3.0
Translocations | 1 2 3 |  3.0
Transmutations | 1 2 3 |  3.0
Fire Magic     | 1 2 3 |  3.0
Ice Magic      | 1 2 3 |  3.0
Air Magic      | 1 2 3 |  3.0
Earth Magic    | 1 2 3 |  3.0
Poison Magic   | 1 2 3 |  3.0
Throwing       | 3 4 |  4.5
Evocations     | 3 4 |  4.5
Axes           | 5 |  5.9
Armour         | 5 |  5.9
Fighting       | 9 |  9.3

Action                   |  1- 3 |  4- 6 |  7- 9 || total
-------------------------+-------+-------+-------++-------
Melee: Hand axe          |    86 |   258 |   309 ||   653
       Bite              |     8 |    29 |    55 ||    92
       Punch             |       |       |     4 ||     4
  Use: Potion            |       |       |     2 ||     2
       Scroll            |       |       |     9 ||     9
  Eat: Chunk             |       |     2 |     6 ||     8
       Ration            |       |     1 |     1 ||     2
Armor: Robe              |     3 |       |       ||     3
       Scale mail        |    30 |    69 |       ||    99
       Chain mail        |       |    48 |   175 ||   223
Dodge: Dodged            |    34 |   122 |   118 ||   274
Block: Buckler           |       |       |    45 ||    45
